 Dungeon Crawl Stone Soup version 0.26-a0-84-g8c18429 (webtiles) character file.

Game seed: 1426730833486169358

528485 thirtiethelement the Hawkeye (level 25, -17/180 HPs)
             Began as a Gnoll Fighter on June 18, 2020.
             Was the Champion of Cheibriados.
             Killed from afar by a hellion (19 damage)
             ... with damnation
             ... on level 4 of the Abyss.
             The game lasted 03:24:05 (52970 turns).

thirtiethelement the Hawkeye (Gnoll Fighter)       Turns: 52970, Time: 03:24:05

Health: -17/180    AC: 31    Str: 42    XL:     25   Next: 55%
Magic:  38/42      EV: 35    Int: 36    God:    Cheibriados [******]
Gold:   4540       SH: 19    Dex: 33    Spells: 10/55 levels left

rFire    + + .     SeeInvis +   D - +9 long sword of Irrepressible Laughter {vorpal, rElec rF+ MR+ Stlth+}
rCold    + . .     Gourm    .   A - +0 kite shield of Activism {*Corrode Int+4 Slay+2}
rNeg     . . .     Faith    .   B - +1 scale mail "Hyckopej" {rCorr Dex+3}
rPois    +         Spirit   .   a - +3 helmet of Terror {rElec Int+3 Slay+3}
rElec    +         Reflect  .   X - +2 cloak {Stlth+}
rCorr    +         Harm     .   s - +5 pair of gloves of Pessimism {+Blink Slay+5}
MR       ++++.                  L - +2 pair of boots
Stlth    +++++++...             t - amulet of the Air {Inacc +Fly rElec EV+5 RMsl}
HPRegen  0.00/turn              c - ring of poison resistance
MPRegen  0.28/turn              U - ring of Conflict {rF+ rC+ SInv}

@: lethally poisoned (-17 -> -19), non-regenerating, mildly diseased, studying
Throwing, repel missiles, very slow
A: distributed training, fangs 1, hooves 1, icy blue scales 1, thin metallic
scales 1, [blurry vision 1], [deformed body], [frail 1], magic resistance 2,
[screaming 1], subdued magic 1, strong nose
}: 3/15 runes: decaying, serpentine, silver
a: Bend Time, Temporal Distortion, Slouch, Step From Time, Renounce Religion,
Evoke Blink, Evoke Flight


You were on level 4 of the Abyss.
You worshipped Cheibriados.
Cheibriados was exalted by your worship.
You were not hungry.

You visited 9 branches of the dungeon, and saw 41 of its levels.
You visited the Abyss 2 times.
You also visited: Sewer, Gauntlet and Wizlab.

You collected 6138 gold pieces.
You spent 1598 gold pieces at shops.

Inventory:

Hand Weapons
 D - the +9 long sword of Irrepressible Laughter (weapon) {vorpal, rElec rF+ MR+ Stlth+}
   (You found it on level 7 of the Dungeon)

   It inflicts extra damage upon your enemies.
   It protects you from fire.
   It insulates you from electricity.
   It affects your resistance to hostile enchantments.
   It makes you more stealthy.
 P - the +10 zealot's sword {holy, *Rage rN+ EV+3}
   (You found it on level 1 of the Depths)

   It has been blessed by the Shining One to cause great damage to the undead
   and demons.
   It affects your evasion (+3).
   It protects you from negative energy.
   It may make you go berserk in combat.
 Q - the +4 rapier of Kyomuos {venom, rF+ Int+3 Dex-2}
   (You took it off a wizard in a Gauntlet)

   It poisons the flesh of those it strikes.
   It affects your intelligence (+3).
   It affects your dexterity (-2).
   It protects you from fire.
Missiles
 w - 2 boomerangs (quivered)
Armour
 a - the +3 helmet of Terror (worn) {rElec Int+3 Slay+3}
   (You found it on level 3 of the Lair of Beasts)

   It affects your intelligence (+3).
   It affects your accuracy and damage with ranged weapons and melee attacks
   (+3).
   It insulates you from electricity.
 s - the +5 pair of gloves of Pessimism (worn) {+Blink Slay+5}
   (You found it on level 3 of the Elven Halls)

   It affects your accuracy and damage with ranged weapons and melee attacks
   (+5).
   It lets you blink.
 A - the +0 kite shield of Activism (worn) {*Corrode Int+4 Slay+2}
   (You took it off a gnoll sergeant on level 6 of the Dungeon)

   It affects your intelligence (+4).
   It affects your accuracy and damage with ranged weapons and melee attacks
   (+2).
   It may corrode you when you take damage.
 B - the +1 scale mail "Hyckopej" (worn) {rCorr Dex+3}
   (You took it off a gnoll sergeant on level 6 of the Dungeon)

   It affects your dexterity (+3).
   It provides partial protection from all sources of acid and corrosion.
 L - a +2 pair of boots (worn)
 M - the -2 hat of the Alchemist {rElec rPois rF+ rC+ rN+ MR+ rMut rCorr}
   (You found it on level 3 of the Elven Halls)

   It protects you from fire.
   It protects you from cold.
   It insulates you from electricity.
   It protects you from poison.
   It protects you from negative energy.
   It affects your resistance to hostile enchantments.
   It provides partial protection from all sources of acid and corrosion.
   It protects you from mutation.
 X - a +2 cloak of stealth (worn)
Jewellery
 c - a ring of poison resistance (left hand)
 o - the amulet of Tyme {Regen+ Int+4}
   (You took it off a wizard in a Gauntlet)

   [amulet of regeneration]

   It affects your intelligence (+4).
   It increases your rate of regeneration.
 t - the amulet of the Air (around neck) {Inacc +Fly rElec EV+5 RMsl}
   (You found it on level 5 of the Dungeon)

   [amulet of inaccuracy]

   It reduces the accuracy of all your attacks.
   It affects your evasion (+5).
   It insulates you from electricity.
   It lets you fly.
   It protects you from missiles.
 O - the ring "Kosaofuh" {Wiz Str+2 Int+3 Stlth-}
   (You found it in a Gauntlet)

   [ring of wizardry]

   It improves your spell success rate.
   It affects your strength (+2).
   It affects your intelligence (+3).
   It makes you less stealthy.
 R - the amulet of Uwirghalu {Spirit rPois rN+++ Int+5 Dex-5}
   (You took it off a minotaur in a Gauntlet)

   [amulet of guardian spirit]

   It causes incoming damage to be split between your health and magic.
   It affects your intelligence (+5).
   It affects your dexterity (-5).
   It protects you from poison.
   It renders you almost immune to negative energy.
 S - the ring of Shadows {Umbra +Inv Stlth+}
   (You found it on level 3 of the Elven Halls)

   [ring of stealth]

   It lets you turn invisible.
   It makes you more stealthy.
 U - the ring of Conflict (right hand) {rF+ rC+ SInv}
   (You found it in a Gauntlet)

   [ring of protection from cold]

   It protects you from fire.
   It protects you from cold.
   It lets you see invisible.
Wands
 d - a wand of acid (31)
 h - a wand of digging (18)
 x - a wand of iceblast (5)
 y - a wand of polymorph (24)
 C - a wand of paralysis (26)
 K - a wand of clouds (11)
 Z - a wand of disintegration (16)
Scrolls
 e - 7 scrolls of identify
 j - 6 scrolls of enchant armour
 l - 23 scrolls of remove curse
 p - 18 scrolls of teleportation
 q - 5 scrolls of brand weapon
 r - 4 scrolls of blinking
 v - 6 scrolls of enchant weapon
 I - 2 scrolls of magic mapping
 N - 2 scrolls of amnesia
 W - a scroll of summoning
Potions
 g - 18 potions of curing
 i - 5 potions of magic
 k - 6 potions of brilliance
 m - a potion of invisibility
 n - a potion of cancellation
 F - 2 potions of stabbing
 G - 3 potions of resistance
 H - 8 potions of flight
 J - a potion of heal wounds
 Y - 5 potions of might
Books
 E - a manual of Throwing
Miscellaneous
 b - a lightning rod (4/4)
 u - 3 phantom mirrors
 T - 4 boxes of beasts
 V - a tin of tremorstones (3/3)
Comestibles
 f - 82 rations


   Skills:
 + Level 16.9 Fighting
 + Level 15.9 Short Blades
 + Level 15.9 Long Blades
 + Level 16.4 Axes
 + Level 15.9 Maces & Flails
 + Level 15.9 Polearms
 + Level 15.9 Staves
 + Level 15.9 Slings
 + Level 15.9 Bows
 + Level 15.9 Crossbows
 + Level 21.0 Throwing
 + Level 16.9 Armour
 + Level 15.9 Dodging
 + Level 15.9 Stealth
 + Level 16.9 Shields
 + Level 15.9 Unarmed Combat
 + Level 15.9 Spellcasting
 + Level 13.7 Conjurations
 + Level 13.7 Hexes
 + Level 13.7 Charms
 + Level 13.7 Summonings
 + Level 13.7 Necromancy
 + Level 13.7 Translocations
 + Level 13.7 Transmutations
 + Level 13.7 Fire Magic
 + Level 13.7 Ice Magic
 + Level 13.7 Air Magic
 + Level 13.7 Earth Magic
 + Level 13.7 Poison Magic
 + Level 17.2 Invocations
 + Level 15.9 Evocations


You had 10 spell levels left.
You knew the following spells:

 Your Spells              Type           Power        Failure   Level  Hunger
a - Mephitic Cloud        Conj/Pois/Air  #######.     0%          3    None
b - Summon Lightning Spi  Summ/Air       #######.     1%          4    None
c - Hailstorm             Conj/Ice       #######.     1%          4    None
d - Yara's Violent Unrav  Hex/Tmut       #######...   1%          5    None
e - Frozen Ramparts       Ice            ######       0%          3    None
f - Dragon Form           Tmut           #######...   4%          7    ####...
g - Death Channel         Necr           #######...   1%          6    None
h - Summon Hydra          Summ           #######...   4%          7    ####...
i - Iron Shot             Conj/Erth      #######...   1%          6    None

Your spell library contained the following spells:

 Spells                   Type           Power        Failure   Level  Hunger
 Animate Skeleton         Necr           N/A          0%          1    None
 Apportation              Tloc           ######       0%          1    None
 Corona                   Hex            #######      0%          1    None
 Foxfire                  Conj/Fire      ####         0%          1    None
 Freeze                   Ice            ####         0%          1    None
 Infusion                 Chrm           ####         0%          1    None
 Magic Dart               Conj           ####         0%          1    None
 Sting                    Tmut/Pois      ####         0%          1    None
 Summon Butterflies       Summ           #######.     0%          1    None
 Summon Small Mammal      Summ           ####         0%          1    None
 Blink                    Tloc           N/A          0%          2    None
 Call Imp                 Summ           #######.     0%          2    None
 Ensorcelled Hibernation  Hex/Ice        ######       0%          2    None
 Poisonous Vapours        Pois/Air       ######       0%          2    None
 Shroud of Golubria       Chrm/Tloc      ######       0%          2    None
 Slow                     Hex            #######.     0%          2    None
 Song of Slaying          Chrm           #######.     0%          2    None
 Sublimation of Blood     Necr           #######...   0%          2    None
 Call Canine Familiar     Summ           #######.     0%          3    None
 Confusing Touch          Hex            #######.     0%          3    None
 Conjure Flame            Conj/Fire      #######.     0%          3    None
 Dazzling Flash           Conj/Hex       ######       0%          3    None
 Ignite Poison            Fire/Tmut/Pois #######.     0%          3    None
 Inner Flame              Hex/Fire       #######.     0%          3    None
 Lesser Beckoning         Tloc           #######...   0%          3    None
 Ozocubu's Armour         Chrm/Ice       #######.     0%          3    None
 Portal Projectile        Hex/Tloc       ######       0%          3    None
 Recall                   Summ/Tloc      N/A          0%          3    None
 Spectral Weapon          Hex/Chrm       #######.     0%          3    None
 Static Discharge         Conj/Air       #######.     0%          3    None
 Summon Guardian Golem    Hex/Summ       #######.     0%          3    None
 Tukima's Dance           Hex            #######.     0%          3    None
 Animate Dead             Necr           N/A          1%          4    None
 Cause Fear               Hex            #######...   1%          4    None
 Fulminant Prism          Conj/Hex       #######...   1%          4    None
 Iskenderun's Mystic Bla  Conj/Tloc      #######.     1%          4    None
 Leda's Liquefaction      Hex/Erth       #######...   1%          4    None
 Olgreb's Toxic Radiance  Pois           #######.     1%          4    None
 Petrify                  Tmut/Erth      #######.     1%          4    None
 Sticky Flame             Conj/Fire      #######.     1%          4    None
 Summon Ice Beast         Ice/Summ       #######.     1%          4    None
 Alistair's Intoxication  Tmut/Pois      #######.     1%          5    None
 Borgnjor's Vile Clutch   Necr/Erth      #######...   1%          5    None
 Fireball                 Conj/Fire      #######...   1%          5    None
 Irradiate                Conj/Tmut      #######...   1%          5    None
 Iskenderun's Battlesphe  Conj/Chrm      #######.     1%          5    None
 Silence                  Hex/Air        #######...   1%          5    None
 Summon Mana Viper        Hex/Summ       #######.     1%          5    None
 Conjure Ball Lightning   Conj/Air       #######...   1%          6    None
 Eringya's Noxious Bog    Tmut/Pois      #######...   1%          6    None
 Freezing Cloud           Conj/Ice/Air   #######...   1%          6    None
 Hydra Form               Tmut           #######...   1%          6    None
 Invisibility             Hex            #######.     1%          6    None
 Simulacrum               Ice/Necr       #######...   1%          6    None
 Statue Form              Tmut/Erth      #######..    1%          6    None
 Haunt                    Necr/Summ      #######...   4%          7    ####...
 Borgnjor's Revivificati  Necr           #######...   34%         8    #####..
 Chain Lightning          Conj/Air       #######...   34%         8    #####..
 Death's Door             Chrm/Necr      #######...   34%         8    #####..
 Discord                  Hex            #######...   34%         8    #####..
 Infestation              Necr           #######...   34%         8    #####..
 Lehudib's Crystal Spear  Conj/Erth      #######...   34%         8    #####..
 Necromutation            Tmut/Necr      #######...   34%         8    #####..
 Absolute Zero            Ice            #######...   99%         9    #######
 Fire Storm               Conj/Fire      #######...   99%         9    #######
 Tornado                  Air            #######...   99%         9    #######


Dungeon Overview and Level Annotations

Branches:
Dungeon (15/15)            Temple (1/1) D:7            Lair (6/6) D:11
  Swamp (4/4) Lair:4        Snake (4/4) Lair:4        Slime (0/5) Lair:5
    Orc (2/2) D:11            Elf (3/3) Orc:2        Vaults (5/5) D:14
  Crypt (0/3) Vaults:2     Depths (1/5) D:15          Sewer (visited)
 WizLab (visited)         Gauntlet (visited)

Altars:
Ashenzari
Cheibriados
Dithmenos
Elyvilon
Fedhas
Gozag
Hepliaklqana
Kikubaaqudgha
Makhleb
Nemelex Xobeh
Okawaru
Qazlal
Ru
Sif Muna
Trog
Uskayaw
Vehumet
Wu Jian
Xom
Yredelemnul
Zin
The Shining One
Beogh

Shops:
D:8 }   D:13 [:[??   Orc:2 ((}[   Elf:1 }=}   Elf:2 [=   Elf:3 :   Vaults:1 (
Vaults:4 !   Vaults:5 (

Portals:
Hell: Depths:1
Abyss: Depths:1
Ziggurat: Depths:1

Annotations:
Lair:3 1 runed translucent door, Pooter's ghost, journeyman MiBe
Lair:5 exclusion: ice statue


Innate Abilities, Weirdness & Mutations

Your experience applies equally to all skills.
You have very sharp teeth.
Your uncanny sense of smell can sniff out nearby items.
You have large cloven feet.
You are partially covered in icy blue scales. (AC +2)
You are partially covered in thin metallic scales. (AC +2)
You are highly resistant to hostile enchantments. (MR++)
Your spells are a little easier to cast, but a little less powerful.
[Scrolls take you a little longer to read.]
[Armour fits poorly on your strangely shaped body.]
[You are frail. (-10% HP)]
[You occasionally shout uncontrollably at your foes.]


Message History

You destroy the ancient zyme!
Cheibriados appreciates the change of pace.
You feel the corruption within you wane somewhat.
You feel robust.
You feel sick.
You start resting.
You feel sick. x3
A spatial vortex comes into view.
You bark at the hellion!
A hellion comes into view.
The hellion gives a hideous shriek!
You hear a hideous shriek!
The hellion gestures at you.
The sphere of damnation explodes!
The damnation engulfs you!!
* * * LOW HITPOINT WARNING * * *
The hellion gestures at you.
The sphere of damnation explodes!
The damnation engulfs you!!
* * * LOW HITPOINT WARNING * * *
The hellion gestures at you.
The sphere of damnation explodes!
The damnation engulfs you!!
You die...

# .#!#### ###
#.. #.. .# . ##
# ..#.##..# .
##.###....
...##.# .# .....
.∩..†.. # # .
...........)....
† ..#...#..
#..†# . #.. #..
##.###.###†### #
# # .
#..@#..v#%. .).
. #...#...# ..#
#... # .
##.###.### #.#
#. #. #...# ..#
# 2..#...#... >.
.. ##.# #.# #.##
## ## %. ... ...
# .## ... ## ∆
.%#


You could see a hellion.

Vanquished Creatures
  Mara (Snake:4)
  Sojobo (Vaults:2)
  The ghost of Happogar the Metallomancer, a master GrEE of Vehumet (Vaults:2)
  the Lernaean hydra (Swamp:4)
  A golden dragon (Vaults:5)
  A profane servitor (Abyss:2)
  A bone dragon (Abyss:2)
  A hellephant (Abyss:2)
  Rupert (D:14)
  5 deep elf blademasters
  2 liches
  A tentacled monstrosity (Vaults:5)
  A quicksilver dragon (Vaults:5)
  8 titans
  3 deep elf master archers (Elf:3)
  Asterion (Vaults:1)
  A tentacled starspawn (Abyss:2)
  2 sphinxes
  4 tengu reavers
  4 thorn hunters
  4 storm dragons
  Kirke (D:15)
  A shadow dragon (Vaults:5)
  Roxanne (D:15)
  The ghost of operationiv the Warrior, a journeyman MiFi of Makhleb (Snake:3)
  8 large abominations
  8 frost giants
  6 nagarajas
  3 fire giants
  7 deep elf sorcerers
  14 vault wardens
  A ghost moth (Vaults:4)
  Louise (D:15)
  An orc warlord (Orc:1)
  A ghost moth (shapeshifter) (Vaults:5)
  2 deep elf elementalists
  A ghoul (Vaults:3)
  10 ironheart preservers
  3 war gargoyles
  A vampire knight (Vaults:2)
  10 stone giants
  19 very ugly things
  Azrael (Snake:1)
  8 deep elf demonologists
  8 purple draconians (WizLab)
  A minotaur (Gauntlet)
  10 deep elf annihilators
  4 deep elf death magi
  8 ettins
  4 deep elf high priests
  9 statues (WizLab)
  12 yaktaur captains
  A jiangshi (Vaults:2)
  2 fire dragons
  9 ogre magi
  2 rakshasas
  4 great orbs of eyes
  A great orb of eyes (shapeshifter) (Vaults:3)
  2 ice dragons
  30 hydras
  7 starcursed masses (Abyss:2)
  37 vault guards
  12 naga warriors
  3 shambling mangroves
  2 ghost crabs (Swamp:4)
  25 two-headed ogres
  A death knight (Vaults:3)
  24 anacondas
  17 alligators
  3 catoblepae (Lair:6)
  10 centaur warriors
  27 dancing weapons
  2 anacondas (shapeshifter) (Vaults:5)
  A death yak (shapeshifter) (Vaults:5)
  4 small abominations
  12 death yaks
  2 deep troll earth magi
  A hell hog (Gauntlet)
  2 deep troll shamans
  2 vampire magi
  2 orc high priests (Orc:2)
  A thrashing horror (Abyss:2)
  17 naga sharpshooters
  10 spriggans
  3 shock serpents
  5 wretched stars
  20 deep elf knights
  A hell knight (Vaults:2)
  A shadow wraith (Vaults:5)
  9 skeletal warriors
  A spatial maelstrom (Abyss:2)
  3 unseen horrors
  6 deep trolls
  4 spriggan druids
  A glowing orange brain (Abyss:2)
  10 naga ritualists
  5 wizards
  16 deep elf archers
  15 ironbrand convokers
  5 harpies (Vaults:4)
  A necromancer (Vaults:1)
  12 swamp dragons
  2 orb spiders (shapeshifter)
  15 orc knights
  4 phantasmal warriors
  A mana viper (shapeshifter) (Vaults:5)
  10 mana vipers
  41 ugly things
  9 cyclopes
  6 orc sorcerers
  7 manticores
  2 wolf spiders
  81 deep elf magi
  A manticore (shapeshifter) (D:15)
  A wolf spider (shapeshifter) (Vaults:5)
  A cyclops (shapeshifter) (Vaults:2)
  A guardian serpent (shapeshifter) (Vaults:5)
  6 salamanders
  3 nameless horrors
  A fire giant skeleton (Abyss:2)
  The ghost of dog the Skirmisher, a novice MiBe of Trog (D:6)
  24 vault sentinels
  39 black mambas
  14 guardian serpents
  4 centaur skeletons
  24 naga magi
  3 smoke demons (Abyss:2)
  15 spiny frogs
  A torpor snail (shapeshifter) (Vaults:5)
  3 gargoyles
  A spiny frog (shapeshifter) (Vaults:2)
  6 freezing wraiths
  An efreet (D:15)
  10 komodo dragons
  23 yaktaurs
  A hydra zombie (Abyss:2)
  4 ancient zymes
  3 tengu conjurers
  A queen bee (Abyss:4)
  5 meliai (Abyss:4)
  6 trolls
  13 tyrant leeches
  3 polar bears (Lair:5)
  A troll (shapeshifter) (Vaults:5)
  10 hornets
  11 blink frogs
  15 slime creatures
  9 bog bodies
  11 hippogriffs
  A raiju (Abyss:2)
  2 meliai zombies
  A stone giant simulacrum (Vaults:1)
  A vampire (D:12)
  2 air elementals (Elf:1)
  A tarantella (shapeshifter) (Vaults:4)
  5 wyverns
  2 shadows
  4 water elementals
  3 wraiths
  2 spriggans (shapeshifter) (Vaults:1)
  A hog (D:15)
  A yak (shapeshifter) (Vaults:3)
  5 basilisks
  3 fire bats
  3 fire elementals
  15 humans (D:14)
  39 yaks
  2 hungry ghosts
  19 vampire mosquitoes
  A neqoxec (Abyss:2)
  A steam dragon (D:11)
  14 insubstantial wisps
  12 wargs
  A spatial vortex (Abyss:2)
  13 swamp worms
  An acid dragon (D:12)
  38 nagas
  6 hell hounds
  5 porcupines
  14 swamp drakes
  16 water moccasins
  8 ice beasts
  5 sky beasts
  32 orc warriors
  A hornet zombie (D:15)
  3 black bears
  A necrophage (D:13)
  2 eyes of draining
  An eye of draining (shapeshifter) (Vaults:2)
  3 phantoms
  27 ogres
  A boggart (shapeshifter) (Vaults:4)
  4 boggarts
  32 wolves
  8 centaurs
  13 crocodiles
  14 big kobolds
  21 bullfrogs
  4 gnoll sergeants
  7 earth elementals
  A wyvern zombie (D:8)
  3 scorpions
  11 wights
  A killer bee (shapeshifter) (Vaults:3)
  8 killer bees (Abyss:4)
  8 electric eels
  7 crimson imps
  4 human simulacra
  3 hounds
  A quasit (Abyss:2)
  A centaur zombie (D:12)
  16 orc priests
  11 jellies
  4 bullfrog skeletons
  A gnoll shaman (D:6)
  2 iguanas
  23 orc wizards
  14 worker ants
  A hound skeleton (D:8)
  2 worker ant zombies
  A howler monkey zombie (D:6)
  14 gnolls
  4 river rats (Sewer)
  24 adders
  6 shadow imps
  7 white imps
  6 oozes
  A worm (D:3)
  3 dart slugs
  5 leopard geckos
  99 orcs
  12 giant cockroaches
  8 goblins
  6 hobgoblins
  23 jackals
  33 kobolds
  4 quokkas
  8 ball pythons (Sewer)
  9 bats
  6 frilled lizards
  A leopard gecko skeleton (D:6)
  31 rats
  2 briar patches (Swamp:4)
  2 crawling corpses (Elf:3)
  2 fungi (Lair:5)
  2 plants
1919 creatures vanquished.

Vanquished Creatures (collateral kills)
  A golden dragon (Vaults:5)
  3 tentacled monstrosities
  2 titans (Vaults:5)
  A quicksilver dragon (Vaults:5)
  2 storm dragons (Vaults:5)
  Donald (Swamp:4)
  A tengu reaver (Vaults:5)
  A shadow dragon (Vaults:5)
  A frost giant (Vaults:4)
  2 deep elf sorcerers
  A deep elf elementalist (Elf:3)
  2 ironheart preservers (Vaults:5)
  2 stone giants (Vaults:5)
  A purple draconian (WizLab)
  An ettin (Vaults:5)
  A crystal guardian (Vaults:4)
  A yaktaur captain (Vaults:5)
  3 vault guards (Vaults:5)
  3 two-headed ogres
  A shadow wraith (Vaults:4)
  A flayed ghost (Vaults:5)
  An ironbrand convoker (Vaults:4)
  A phantasmal warrior (Vaults:5)
  A deep elf mage (WizLab)
  A manticore (shapeshifter) (Vaults:5)
  3 vault sentinels (Vaults:5)
  A komodo dragon (Lair:5)
  3 yaktaurs (Vaults:5)
  A yak (Lair:5)
  A warg (Vaults:5)
  3 ice beasts (Lair:5)
  2 ogres
  2 white imps (Lair:5)
52 creatures vanquished.

Vanquished Creatures (others)
  A thorn hunter (Swamp:1)
  A tengu reaver (Vaults:2)
  A deep elf sorcerer (Elf:3)
  An ettin (Vaults:4)
  An ogre mage (Vaults:4)
  An ironbrand convoker (Vaults:5)
  An ugly thing (Swamp:3)
  2 deep elf magi
  A naga (Snake:4)
  An ogre (Vaults:3)
  A boggart (Depths:1)
  A centaur (Depths:1)
  A small abomination (Abyss:2)
  A white imp (Lair:5)
  2 orcs
  A briar patch (Swamp:4)
  4 fungi (Gauntlet)
  20 plants
42 creatures vanquished.

Grand Total: 2013 creatures vanquished

Notes
Turn   | Place    | Note
-------+----------+-------------------------------------------
     0 | D:1      | thirtiethelement the Gnoll Fighter began the quest for the
                  | Orb.
     0 | D:1      | Reached XP level 1. HP: 23/23 MP: 1/1
   234 | D:1      | Reached XP level 2. HP: 28/29 MP: 2/2
   703 | D:2      | Found a blossoming altar of Fedhas.
   744 | D:2      | Reached XP level 3. HP: 35/35 MP: 3/3
   935 | D:2      | Reached skill level 1 in Invocations
  1027 | D:2      | Reached skill level 1 in Short Blades
  1027 | D:2      | Reached skill level 1 in Long Blades
  1027 | D:2      | Reached skill level 1 in Maces & Flails
  1027 | D:2      | Reached skill level 1 in Polearms
  1027 | D:2      | Reached skill level 1 in Staves
  1027 | D:2      | Reached skill level 1 in Slings
  1027 | D:2      | Reached skill level 1 in Bows
  1027 | D:2      | Reached skill level 1 in Crossbows
  1027 | D:2      | Reached skill level 1 in Throwing
  1027 | D:2      | Reached skill level 1 in Dodging
  1027 | D:2      | Reached skill level 1 in Stealth
  1027 | D:2      | Reached skill level 1 in Unarmed Combat
  1027 | D:2      | Reached skill level 1 in Spellcasting
  1027 | D:2      | Reached skill level 1 in Evocations
  1062 | D:2      | Reached XP level 4. HP: 41/41 MP: 5/5
  1088 | D:2      | You fall into a shaft and drop 2 floors!
  1115 | D:3      | Reached skill level 1 in Conjurations
  1115 | D:3      | Reached skill level 1 in Hexes
  1115 | D:3      | Reached skill level 1 in Charms
  1115 | D:3      | Reached skill level 1 in Summonings
  1115 | D:3      | Reached skill level 1 in Necromancy
  1115 | D:3      | Reached skill level 1 in Translocations
  1115 | D:3      | Reached skill level 1 in Transmutations
  1115 | D:3      | Reached skill level 1 in Fire Magic
  1115 | D:3      | Reached skill level 1 in Ice Magic
  1115 | D:3      | Reached skill level 1 in Air Magic
  1115 | D:3      | Reached skill level 1 in Earth Magic
  1115 | D:3      | Reached skill level 1 in Poison Magic
  1115 | D:3      | Reached XP level 5. HP: 15/47 MP: 6/6
  1207 | D:3      | Found a glowing drain.
  1232 | Sewer    | Entered a sewer
  1623 | Sewer    | Reached XP level 6. HP: 50/53 MP: 8/8
  1771 | Sewer    | Reached skill level 5 in Axes
  1771 | Sewer    | Reached skill level 2 in Throwing
  2668 | D:2      | Reached XP level 7. HP: 59/59 MP: 10/10
  3588 | D:5      | Entered Level 5 of the Dungeon
  3619 | D:5      | Found the amulet of the Air {Inacc +Fly rElec EV+5 RMsl}
  4096 | D:5      | Reached XP level 8. HP: 67/67 MP: 12/12
  4131 | D:5      | Reached skill level 3 in Throwing
  4945 | D:6      | Found a shimmering blue altar of Sif Muna.
  5456 | D:6      | Found a bloodstained altar of Trog.
  5644 | D:6      | Found a transporter.
  5644 | D:6      | Found a transporter.
  5671 | D:6      | Identified the +1 scale mail "Hyckopej" {rCorr Dex+3}
  5671 | D:6      | Identified the +0 kite shield of Activism {*Corrode Int+4
                  | Slay+2}
  5726 | D:6      | Noticed dog's ghost (novice MiBe)
  5752 | D:6      | Reached XP level 9. HP: 72/72 MP: 14/14
  6146 | D:6      | Killed dog's ghost
  6146 | D:6      | Reached skill level 4 in Throwing
  6586 | D:7      | Got a slimy long sword
  6589 | D:7      | Identified the +9 long sword of Irrepressible Laughter
                  | {vorpal, rElec rF+ MR+ Stlth+} (You found it on level 7 of
                  | the Dungeon)
  6861 | D:7      | Reached skill level 5 in Invocations
  6892 | D:7      | Found a staircase to the Ecumenical Temple.
  6902 | Temple   | Entered the Ecumenical Temple
  7170 | Temple   | Became a worshipper of Cheibriados the Contemplative
  7230 | D:7      | Reached skill level 5 in Throwing
  7248 | D:7      | Reached XP level 10. HP: 40/80 MP: 15/17
  7833 | D:8      | Found Waaloul's Gadget Boutique.
  7895 | D:8      | Reached * piety under Cheibriados
  8053 | D:8      | Noticed a two-headed ogre
  8064 | D:8      | Killed a two-headed ogre
  8064 | D:8      | Reached skill level 5 in Short Blades
  8064 | D:8      | Reached skill level 5 in Long Blades
  8064 | D:8      | Reached skill level 5 in Maces & Flails
  8064 | D:8      | Reached skill level 5 in Polearms
  8064 | D:8      | Reached skill level 5 in Staves
  8064 | D:8      | Reached skill level 5 in Slings
  8064 | D:8      | Reached skill level 5 in Bows
  8064 | D:8      | Reached skill level 5 in Crossbows
  8064 | D:8      | Reached skill level 5 in Dodging
  8064 | D:8      | Reached skill level 5 in Stealth
  8064 | D:8      | Reached skill level 5 in Unarmed Combat
  8064 | D:8      | Reached skill level 5 in Spellcasting
  8064 | D:8      | Reached skill level 5 in Evocations
  8071 | D:8      | Reached skill level 6 in Throwing
  8718 | D:9      | Reached ** piety under Cheibriados
  9165 | D:9      | Noticed a manticore
  9182 | D:9      | Killed a manticore
  9182 | D:9      | Reached skill level 7 in Throwing
  9182 | D:9      | Reached XP level 11. HP: 84/87 MP: 19/19
  9537 | D:10     | Entered Level 10 of the Dungeon
  9592 | D:10     | Reached *** piety under Cheibriados
 10622 | D:11     | Found a staircase to the Lair.
 10622 | D:11     | Noticed a death yak
 10623 | D:11     | Noticed a death yak
 10623 | D:11     | Noticed a death yak
 10623 | D:11     | Noticed a death yak
 10630 | D:11     | Noticed a death yak
 10639 | D:11     | Killed a death yak
 10639 | D:11     | Killed a death yak
 10639 | D:11     | Reached skill level 5 in Conjurations
 10639 | D:11     | Reached skill level 5 in Hexes
 10639 | D:11     | Reached skill level 5 in Charms
 10639 | D:11     | Reached skill level 5 in Summonings
 10639 | D:11     | Reached skill level 5 in Necromancy
 10639 | D:11     | Reached skill level 5 in Translocations
 10639 | D:11     | Reached skill level 5 in Transmutations
 10639 | D:11     | Reached skill level 5 in Fire Magic
 10639 | D:11     | Reached skill level 5 in Ice Magic
 10639 | D:11     | Reached skill level 5 in Air Magic
 10639 | D:11     | Reached skill level 5 in Earth Magic
 10639 | D:11     | Reached skill level 5 in Poison Magic
 10641 | D:11     | Killed a death yak
 10642 | D:11     | Killed a death yak
 10643 | D:11     | Noticed a white ugly thing
 10644 | D:11     | Killed a death yak
 10644 | D:11     | Reached skill level 8 in Throwing
 10647 | D:11     | Killed a white ugly thing
 10681 | D:11     | You fall into a shaft and drop 2 floors!
 10722 | D:12     | Found the +7 captain's cutlass {speed, disarm}
 10809 | D:11     | Found a gate leading to a gauntlet.
 10811 | D:11     | Noticed a manticore
 10818 | Gauntlet | Entered a Gauntlet
 10818 | Gauntlet | Found a transporter.
 10818 | Gauntlet | Found a transporter.
 10818 | Gauntlet | Noticed a hell hog
 10818 | Gauntlet | Noticed a necromancer
 10819 | Gauntlet | Found a transporter.
 10822 | Gauntlet | Found a transporter.
 10823 | Gauntlet | Found a transporter.
 10851 | Gauntlet | Noticed a wizard
 10902 | Gauntlet | Found a transporter.
 10904 | Gauntlet | Found a transporter.
 10910 | Gauntlet | Found a transporter.
 10924 | Gauntlet | Noticed a queen ant
 10929 | Gauntlet | Found a transporter.
 10946 | Gauntlet | Found a transporter.
 10970 | Gauntlet | Noticed a wizard
 10971 | Gauntlet | Found a transporter.
 11033 | Gauntlet | Identified the +4 rapier of Kyomuos {venom, rF+ Int+3
                  | Dex-2}
 11033 | Gauntlet | Identified the amulet of Tyme {Regen+ Int+4}
 11033 | Gauntlet | Noticed a wizard
 11040 | Gauntlet | Found a transporter.
 11219 | Gauntlet | Killed a hell hog
 11242 | Gauntlet | Got a shimmering platinum ring
 11245 | Gauntlet | Identified the ring "Kosaofuh" {Wiz Str+2 Int+3 Stlth-}
                  | (You found it in a Gauntlet)
 11412 | Gauntlet | Killed a wizard
 11417 | Gauntlet | Killed a wizard
 11417 | Gauntlet | Reached **** piety under Cheibriados
 11417 | Gauntlet | Reached XP level 12. HP: 89/96 MP: 20/22
 11493 | Gauntlet | Identified the amulet of Uwirghalu {Spirit rPois rN+++
                  | Int+5 Dex-5}
 11493 | Gauntlet | Noticed a minotaur
 11500 | Gauntlet | Killed a minotaur
 11506 | Gauntlet | Got a shimmering marble ring
 11509 | Gauntlet | Identified the ring of Conflict {rF+ rC+ SInv} (You found
                  | it in a Gauntlet)
 11542 | D:11     | Reached skill level 9 in Throwing
 12023 | D:11     | Found a staircase to the Orcish Mines.
 12164 | D:11     | Reached ***** piety under Cheibriados
 12402 | Lair:1   | Entered Level 1 of the Lair of Beasts
 12871 | Lair:1   | Reached skill level 10 in Fighting
 12871 | Lair:1   | Reached skill level 10 in Armour
 12871 | Lair:1   | Reached skill level 10 in Shields
 13132 | Lair:1   | Found a radiant altar of Vehumet.
 13374 | Lair:1   | Noticed a five-headed hydra
 13382 | Lair:1   | Killed a five-headed hydra
 13768 | Lair:2   | Learned a level 3 spell: Mephitic Cloud
 13773 | Lair:2   | Learned a level 4 spell: Summon Lightning Spire
 13869 | Lair:2   | Learned a level 4 spell: Hailstorm
 13885 | Lair:2   | Noticed an eight-headed hydra
 13895 | Lair:2   | Killed an eight-headed hydra
 13895 | Lair:2   | Reached skill level 10 in Throwing
 13895 | Lair:2   | Reached XP level 13. HP: 58/103 MP: 24/24
 14743 | Lair:3   | Reached ****** piety under Cheibriados
 14808 | Lair:3   | Got a pitted helmet
 14819 | Lair:3   | Identified the +3 helmet of Terror {rElec Int+3 Slay+3}
                  | (You found it on level 3 of the Lair of Beasts)
 14954 | Lair:3   | Noticed Pooter's ghost (journeyman MiBe)
 14957 | Lair:3   | Found a runed translucent door.
 15972 | Lair:4   | Found a staircase to the Swamp.
 16062 | Lair:4   | Found a staircase to the Snake Pit.
 16363 | Lair:4   | Reached skill level 11 in Throwing
 16897 | Lair:5   | Identified a scroll of acquirement
 16947 | Lair:5   | Found a staircase to the Slime Pits.
 16998 | Lair:5   | Gained mutation: You are resistant to hostile enchantments.
                  | (MR+) [potion of mutation]
 16998 | Lair:5   | Gained mutation: You are partially covered in thin metallic
                  | scales. (AC +2) [potion of mutation]
 16998 | Lair:5   | Gained mutation: You are agile. (Dex +2) [potion of
                  | mutation]
 16998 | Lair:5   | Gained mutation: Your muscles are strong. (Str +2) [potion
                  | of mutation]
 17017 | Lair:5   | Noticed an ice dragon
 17030 | Lair:5   | Killed an ice dragon
 17044 | Lair:5   | Reached XP level 14. HP: 47/111 MP: 22/26
 17794 | Lair:6   | Entered Level 6 of the Lair of Beasts
 17981 | Lair:6   | Reached skill level 10 in Axes
 18914 | Lair:6   | Reached skill level 10 in Invocations
 18925 | Lair:6   | Reached skill level 12 in Throwing
 19547 | Orc:1    | Entered Level 1 of the Orcish Mines
 19862 | Orc:1    | Found a roughly hewn altar of Beogh.
 20017 | Orc:2    | Entered Level 2 of the Orcish Mines
 20031 | Orc:2    | Found a roughly hewn altar of Beogh.
 20098 | Orc:2    | Noticed an orc warlord
 20434 | Orc:1    | Cast into level 1 of the Abyss (orc warrior)
 20434 | Abyss:1  | Found a corrupted altar of Lugonu.
 20496 | Orc:1    | Escaped the Abyss
 20500 | Orc:1    | Killed an orc warlord
 20523 | Orc:2    | Found a staircase to the Elven Halls.
 20743 | Orc:2    | Found a roughly hewn altar of Beogh.
 20991 | Orc:2    | Found a roughly hewn altar of Beogh.
 20992 | Orc:2    | Found Zelizu Yrak's Antique Weapon Emporium.
 21000 | Orc:2    | Bought a fading double sword for 520 gold pieces
 21000 | Orc:2    | Identified the +5 double sword "Ruemeb" {speed, +Inv Int+3
                  | Dex+2} (You bought it in a shop on level 2 of the Orcish
                  | Mines)
 21088 | Orc:2    | Reached XP level 15. HP: 119/119 MP: 28/28
 21109 | Orc:2    | Found Buegg's Antique Armour Shoppe.
 21109 | Orc:2    | Found a roughly hewn altar of Beogh.
 21110 | Orc:2    | Found Loaxtoci's Antique Weapon Emporium.
 21124 | Orc:2    | Bought an ancient ring mail for 225 gold pieces
 21134 | Orc:2    | Identified the cursed +1 ring mail of Gallantry {*Drain rC+
                  | Str+4 Int+3} (You bought it in a shop on level 2 of the
                  | Orcish Mines)
 21257 | Orc:2    | Found a roughly hewn altar of Beogh.
 21262 | Orc:2    | Found Nupheke's Gadget Shop.
 21366 | Orc:2    | Found a roughly hewn altar of Beogh.
 21384 | Orc:2    | Found a roughly hewn altar of Beogh.
 21540 | Swamp:1  | Entered Level 1 of the Swamp
 21545 | Swamp:1  | Noticed a thorn hunter
 21556 | Swamp:1  | Killed a thorn hunter
 22691 | Swamp:2  | Noticed a thorn hunter
 22692 | Swamp:2  | Found a transporter.
 22694 | Swamp:2  | Found a transporter.
 22716 | Swamp:2  | Found a transporter.
 22753 | Swamp:2  | Noticed a thorn hunter
 22766 | Swamp:2  | Found a transporter.
 22787 | Swamp:2  | Reached skill level 10 in Short Blades
 22787 | Swamp:2  | Reached skill level 10 in Long Blades
 22787 | Swamp:2  | Reached skill level 10 in Maces & Flails
 22787 | Swamp:2  | Reached skill level 10 in Polearms
 22787 | Swamp:2  | Reached skill level 10 in Staves
 22787 | Swamp:2  | Reached skill level 10 in Slings
 22787 | Swamp:2  | Reached skill level 10 in Bows
 22787 | Swamp:2  | Reached skill level 10 in Crossbows
 22787 | Swamp:2  | Reached skill level 13 in Throwing
 22787 | Swamp:2  | Reached skill level 10 in Dodging
 22787 | Swamp:2  | Reached skill level 10 in Stealth
 22787 | Swamp:2  | Reached skill level 10 in Unarmed Combat
 22787 | Swamp:2  | Reached skill level 10 in Spellcasting
 22787 | Swamp:2  | Reached skill level 10 in Evocations
 22788 | Swamp:2  | Killed a thorn hunter
 22788 | Swamp:2  | Killed a thorn hunter
 22816 | Swamp:2  | Found a transporter.
 22842 | Swamp:2  | Got a brightly glowing hat
 22872 | Swamp:2  | Learned a level 5 spell: Yara's Violent Unravelling
 22876 | Swamp:2  | Learned a level 3 spell: Frozen Ramparts
 23599 | Swamp:3  | Reached XP level 16. HP: 127/127 MP: 30/30
 23658 | Swamp:3  | Noticed a thorn hunter
 23672 | Swamp:3  | Killed a thorn hunter
 23781 | Swamp:3  | Reached XP level 17. HP: 133/133 MP: 31/31
 24249 | Swamp:4  | Entered Level 4 of the Swamp
 24325 | Swamp:4  | Noticed Donald
 24345 | Swamp:4  | Killed Donald
 24345 | Swamp:4  | Reached skill level 14 in Throwing
 24497 | Swamp:4  | Found the +8 Wrath of Trog {antimagic, *Rage}
 25291 | Swamp:4  | Identified the +2 hat of the Catfish {rN+ Str+4} (You found
                  | it on level 2 of the Swamp)
 25583 | Swamp:4  | Noticed the 27-headed Lernaean hydra
 25593 | Swamp:4  | Killed the 27-headed Lernaean hydra
 25806 | Swamp:4  | Got a decaying rune of Zot
 26088 | Snake:1  | Entered Level 1 of the Snake Pit
 26089 | Snake:1  | Noticed Azrael
 26094 | Snake:1  | Killed Azrael
 26508 | Snake:1  | Reached XP level 18. HP: 117/142 MP: 13/33
 27176 | Snake:2  | Got a bloodstained rapier
 27177 | Snake:2  | Identified the cursed +2 rapier of the Thirsty Orbs {venom,
                  | rElec} (You found it on level 2 of the Snake Pit)
 27788 | Snake:2  | Reached skill level 15 in Throwing
 28792 | Snake:3  | Found a runed translucent gate.
 28792 | Snake:3  | Found a runed translucent gate.
 28792 | Snake:3  | Found a runed translucent gate.
 28808 | Snake:3  | Noticed operationiv's ghost (journeyman MiFi)
 29031 | Snake:3  | Reached skill level 10 in Conjurations
 29031 | Snake:3  | Reached skill level 10 in Hexes
 29031 | Snake:3  | Reached skill level 10 in Charms
 29031 | Snake:3  | Reached skill level 10 in Summonings
 29031 | Snake:3  | Reached skill level 10 in Necromancy
 29031 | Snake:3  | Reached skill level 10 in Translocations
 29031 | Snake:3  | Reached skill level 10 in Transmutations
 29031 | Snake:3  | Reached skill level 10 in Fire Magic
 29031 | Snake:3  | Reached skill level 10 in Ice Magic
 29031 | Snake:3  | Reached skill level 10 in Air Magic
 29031 | Snake:3  | Reached skill level 10 in Earth Magic
 29031 | Snake:3  | Reached skill level 10 in Poison Magic
 29357 | Snake:3  | Identified the cursed +3 glaive of Inufuiff {vorpal, rElec}
                  | (You found it on level 3 of the Snake Pit)
 29653 | Snake:3  | Killed operationiv's ghost
 29972 | Snake:4  | Entered Level 4 of the Snake Pit
 30066 | Snake:4  | Identified the +6 war axe "Wurel" {pain, *Rage +Blink rC+
                  | Int+3} (You found it on level 4 of the Snake Pit)
 30206 | Snake:4  | Reached XP level 19. HP: 85/149 MP: 31/35
 30355 | Snake:4  | Reached skill level 16 in Throwing
 30740 | Snake:4  | Got a serpentine rune of Zot
 30978 | Snake:4  | Noticed Mara
 30981 | Snake:4  | Noticed thirtiethelement's illusion
 31000 | Snake:4  | Killed Mara
 32428 | D:13     | Found Wygg's Armour Shoppe.
 32467 | D:13     | Found Buedea's Magic Scroll Shop.
 32490 | D:13     | Bought a scroll of identify for 26 gold pieces
 32490 | D:13     | Bought a scroll of identify for 26 gold pieces
 32490 | D:13     | Bought a scroll of enchant armour for 97 gold pieces
 32507 | D:13     | Found Seil's Armour Shop.
 32520 | D:13     | Found Naulubbyamm's Magic Scroll Boutique.
 32523 | D:13     | Bought a scroll of identify for 24 gold pieces
 32523 | D:13     | Bought a scroll of identify for 24 gold pieces
 32523 | D:13     | Bought a scroll of identify for 24 gold pieces
 32523 | D:13     | Bought a scroll of identify for 24 gold pieces
 32523 | D:13     | Bought a scroll of identify for 24 gold pieces
 32552 | D:13     | Found Plog's Book Emporium.
 32872 | D:14     | Noticed Rupert
 32874 | D:14     | Found a gate to the Vaults.
 32896 | D:14     | Killed Rupert
 33000 | D:14     | Found a glowing silver altar of Zin.
 33799 | D:15     | Entered Level 15 of the Dungeon
 33871 | D:15     | Learned a level 7 spell: Dragon Form
 33985 | D:15     | Noticed Roxanne
 34004 | D:15     | Killed Roxanne
 34015 | D:15     | Noticed Louise
 34032 | D:15     | Killed Louise
 34110 | D:15     | Reached XP level 20. HP: 155/158 MP: 36/36
 34222 | D:15     | Found a staircase to the Depths.
 34490 | D:15     | Noticed Kirke
 34505 | D:15     | Killed Kirke
 34754 | Vaults:1 | Entered Level 1 of the Vaults
 34874 | Vaults:1 | Learned a level 6 spell: Death Channel
 35435 | Vaults:1 | Reached skill level 17 in Throwing
 35502 | Vaults:1 | Found Wunek's Weapon Shop.
 35568 | Vaults:1 | You fall into a shaft and drop 1 floor!
 35722 | Vaults:1 | Noticed Asterion
 35739 | Vaults:1 | Killed Asterion
 36834 | Vaults:2 | Noticed Sojobo
 36854 | Vaults:2 | Killed Sojobo
 37377 | Vaults:2 | Found a staircase to the Crypt.
 37528 | Vaults:2 | Noticed a Tzitzimitl
 37830 | Vaults:2 | Found a runed translucent door.
 37830 | Vaults:2 | Noticed Happogar's ghost (master GrEE)
 38271 | Vaults:2 | Reached XP level 21. HP: 165/165 MP: 38/38
 38669 | Vaults:2 | Learned a level 7 spell: Summon Hydra
 38692 | Vaults:2 | Killed Happogar's ghost
 38711 | Vaults:2 | Lost mutation: Your muscles are strong. (Str +2) [potion of
                  | mutation]
 38711 | Vaults:2 | Lost mutation: You are resistant to hostile enchantments.
                  | (MR+) [potion of mutation]
 38711 | Vaults:2 | Lost mutation: You are agile. (Dex +2) [potion of mutation]
 38711 | Vaults:2 | Gained mutation: [You are frail. (-10% HP)] [potion of
                  | mutation]
 38711 | Vaults:2 | Gained mutation: Your body sometimes deteriorates upon
                  | taking damage. [potion of mutation]
 38711 | Vaults:2 | Gained mutation: Your flesh is heat resistant. (rF+)
                  | [potion of mutation]
 38712 | Vaults:2 | Lost mutation: [You are frail. (-10% HP)] [potion of
                  | mutation]
 38712 | Vaults:2 | Lost mutation: Your body sometimes deteriorates upon taking
                  | damage. [potion of mutation]
 38712 | Vaults:2 | Gained mutation: You expend magic power (3 MP) to
                  | strengthen your wands. [potion of mutation]
 38712 | Vaults:2 | Gained mutation: Your spells are a little easier to cast,
                  | but a little less powerful. [potion of mutation]
 38712 | Vaults:2 | Gained mutation: You have a pair of small antennae on your
                  | head. [potion of mutation]
 38712 | Vaults:2 | Gained mutation: You are resistant to hostile enchantments.
                  | (MR+) [potion of mutation]
 38713 | Vaults:2 | Lost mutation: You expend magic power (3 MP) to strengthen
                  | your wands. [potion of mutation]
 38713 | Vaults:2 | Lost mutation: You have a pair of small antennae on your
                  | head. [potion of mutation]
 38713 | Vaults:2 | Lost mutation: Your flesh is heat resistant. (rF+) [potion
                  | of mutation]
 38713 | Vaults:2 | Gained mutation: You are partially covered in iridescent
                  | scales. (AC +2) [potion of mutation]
 38713 | Vaults:2 | Gained mutation: You are dopey. (Int -2) [potion of
                  | mutation]
 38713 | Vaults:2 | Gained mutation: You are highly resistant to hostile
                  | enchantments. (MR++) [potion of mutation]
 38714 | Vaults:2 | Lost mutation: You are partially covered in iridescent
                  | scales. (AC +2) [potion of mutation]
 38714 | Vaults:2 | Lost mutation: You are dopey. (Int -2) [potion of mutation]
 38714 | Vaults:2 | Gained mutation: You are partially covered in icy blue
                  | scales. (AC +2) [potion of mutation]
 38714 | Vaults:2 | Gained mutation: You have large cloven feet. [potion of
                  | mutation]
 39859 | Vaults:3 | Reached skill level 18 in Throwing
 40985 | Vaults:4 | Identified the +7 dagger "Lixzynge" {venom, rN+}
 41012 | Vaults:4 | HP: 8/167 [titan/the air (28)]
 41026 | Vaults:4 | Reached skill level 15 in Fighting
 41026 | Vaults:4 | Reached skill level 15 in Armour
 41026 | Vaults:4 | Reached skill level 15 in Shields
 41205 | Vaults:4 | Reached XP level 22. HP: 50/175 MP: 29/39
 41209 | Vaults:4 | Reached skill level 15 in Invocations
 41842 | Vaults:4 | Found Datatwuq's Distillery.
 41892 | Vaults:4 | Bought a potion of curing for 57 gold pieces
 41892 | Vaults:4 | Bought a potion of heal wounds for 95 gold pieces
 41892 | Vaults:4 | Bought a potion of curing for 57 gold pieces
 41892 | Vaults:4 | Bought a potion of curing for 57 gold pieces
 41892 | Vaults:4 | Bought a potion of curing for 57 gold pieces
 42915 | Vaults:5 | Entered Level 5 of the Vaults
 43201 | Elf:1    | Entered Level 1 of the Elven Halls
 43245 | Elf:1    | Found a magical portal.
 43254 | WizLab   | Entered Iskenderun's Mystic Tower
 43936 | WizLab   | Reached skill level 19 in Throwing
 44151 | WizLab   | Reached skill level 15 in Axes
 44169 | WizLab   | Identified Iskenderun's Collected Works on Conjuration
 44169 | WizLab   | Identified Iskenderun's Catalogue of Combat Magic
 44178 | WizLab   | Learned a level 6 spell: Iron Shot
 45195 | Elf:1    | Found Lupheup's Gadget Emporium.
 45198 | Elf:1    | Found Meyr's Jewellery Shop.
 45199 | Elf:1    | Found Atsogy's Gadget Emporium.
 45458 | Elf:1    | Reached XP level 23. HP: 182/182 MP: 41/41
 45796 | Elf:2    | Found a runed translucent gate.
 45796 | Elf:2    | Found a runed translucent gate.
 45797 | Elf:2    | Found a runed translucent gate.
 45873 | Elf:2    | Found Vynykaem's Antique Armour Shoppe.
 45891 | Elf:2    | Bought a spiked scale mail for 261 gold pieces
 45891 | Elf:2    | Identified the cursed +1 scale mail of Gozag's Regard {rN+
                  | MP-9 Dex+3} (You bought it in a shop on level 2 of the
                  | Elven Halls)
 46079 | Elf:2    | Found Pesynnui's Jewellery Shop.
 46731 | Elf:3    | Entered Level 3 of the Elven Halls
 47247 | Elf:3    | Found Joxiff's Book Boutique.
 47652 | Elf:3    | Identified the ring "Hulanat" {Ice Str+3 Int+10}
 47658 | Elf:3    | Identified the +3 glaive "Ypucip" {elec, *Slow rC+ Dex+3}
 47660 | Elf:3    | Identified the +8 battleaxe "Hifi" {pain, Str+7 Dex+4}
 47673 | Elf:3    | Identified the +0 chain mail of Decompression {rPois}
 47689 | Elf:3    | Reached skill level 15 in Short Blades
 47689 | Elf:3    | Reached skill level 15 in Long Blades
 47689 | Elf:3    | Reached skill level 15 in Maces & Flails
 47689 | Elf:3    | Reached skill level 15 in Polearms
 47689 | Elf:3    | Reached skill level 15 in Staves
 47689 | Elf:3    | Reached skill level 15 in Slings
 47689 | Elf:3    | Reached skill level 15 in Bows
 47689 | Elf:3    | Reached skill level 15 in Crossbows
 47689 | Elf:3    | Reached skill level 15 in Dodging
 47689 | Elf:3    | Reached skill level 15 in Stealth
 47689 | Elf:3    | Reached skill level 15 in Unarmed Combat
 47689 | Elf:3    | Reached skill level 15 in Spellcasting
 47689 | Elf:3    | Reached skill level 15 in Evocations
 47732 | Elf:3    | Found the -2 hat of the Alchemist {rElec rPois rF+ rC+ rN+
                  | MR+ rMut rCorr}
 47736 | Elf:3    | Identified the ring "Jaacymad" {Int+6 Dex+4}
 47813 | Elf:3    | Found the +3 pair of gauntlets of War {Slay+5}
 47857 | Elf:3    | Identified the +5 pair of gloves of Pessimism {+Blink
                  | Slay+5} (You found it on level 3 of the Elven Halls)
 47875 | Elf:3    | Found the ring of Shadows {Umbra +Inv Stlth+}
 47901 | Elf:3    | Got a brightly glowing copper amulet
 47902 | Elf:3    | Identified the amulet of Lies {Inacc MR+ Str+2 Dex+2} (You
                  | found it on level 3 of the Elven Halls)
 48656 | Vaults:5 | Reached XP level 24. HP: 169/191 MP: 22/42
 48662 | Vaults:5 | Reached skill level 20 in Throwing
 49627 | Vaults:5 | HP: 7/193 [yaktaur captain/+4 short sword of protection
                  | (28)]
 50256 | Vaults:5 | Reached XP level 25. HP: 154/199 MP: 42/42
 50913 | Vaults:5 | Identified the +10 quarterstaff of Rufah {elec, *Drain
                  | +Rage Int+2 SInv} (You found it on level 5 of the Vaults)
 50925 | Vaults:5 | Got a silver rune of Zot
 51062 | Vaults:5 | Found Xin Wyu's Weapon Boutique.
 51185 | Vaults:5 | Identified the +4 chain mail "Doustrix" {rN+ Str+4} (You
                  | found it on level 5 of the Vaults)
 51224 | Vaults:5 | Identified the +6 dagger "Raenua" {flame, rF+ rC- rN+
                  | Str+4} (You found it on level 5 of the Vaults)
 51526 | Depths:1 | Entered Level 1 of the Depths
 51526 | Depths:1 | Found the +10 zealot's sword {holy, *Rage rN+ EV+3}
 51548 | Depths:1 | Found a gateway to Hell.
 51554 | Depths:1 | Found a gateway to a ziggurat.
 51699 | Depths:1 | Found a shattered altar of Ashenzari.
 52048 | Depths:1 | Found a one-way gate to the infinite horrors of the Abyss.
 52069 | Depths:1 | Voluntarily entered the Abyss.
 52069 | Abyss:1  | Found a corrupted altar of Lugonu.
 52108 | Abyss:2  | Found a corrupted altar of Lugonu.
 52369 | Abyss:2  | Found a corrupted altar of Lugonu.
 52716 | Abyss:2  | Paralysed by accursed screaming for 1 turns
 52736 | Abyss:3  | Found a corrupted altar of Lugonu.
 52847 | Abyss:4  | Found a corrupted altar of Lugonu.
 52848 | Abyss:4  | Found a corrupted altar of Lugonu.
 52895 | Abyss:4  | Reached skill level 21 in Throwing
 52970 | Abyss:4  | HP: 2/180 [hellion/damnation (18)]
 52970 | Abyss:4  | Killed from afar by a hellion

Illustrated notes

Levels and vault maps discovered:
D:1:      roderic_octagonal_star, layout_basic
D:2:      layout_basic, fedhas_altar_2
D:3:      layout_loops_ring, portal_sewer_entry_f, first_ration
D:4:      layout_basic
D:5:      layout_loops_ring
D:6:      black_bear_nest_2, layout_loops_cross, old_standard_altar,
          gammafunk_ghost_gnarly_gnolls, trog_three_pillars_becter
D:7:      layout_basic, temple_pool_b
D:8:      layout_gridville, serial_shops, shop
D:9:      layout_loops_ring, hangedman_little_slice_of_home,
          hangedman_decor_riveting
D:10:     layout_stronghold
D:11:     kennysheep_ambush_hall, layout_long_grid, dpeg_lair_monsters,
          orc_0_dummy, gauntlet_entry_generic, minmay_unpleasant_kobolds
D:12:     layout_roguey
D:13:     layout_rooms, serial_shops, nicolae_shop_behind_doors,
          kennysheep_mini_moat, shop, shop_coins, nicolae_shop_trees,
          nrook_campfire, st_stairs_10
D:14:     layout_grid_maze, david_vaults_3, old_standard_altar
D:15:     hangedman_depths_entry_civil_slaughter, layout_irregular_city,
          nicolae_two_hexagons, serial_bayou_pond_e,
          eino_small_chamber_without_monster, uniq_kirke, uniq_roxanne,
          uniq_louise
Temple:   nicolae_temple_the_god_donut
Lair:1:   layout_cave_pods, basic_altar
Lair:2:   layout_long_grid, chequers_serial_rivers_small_a
Lair:3:   layout_regular_city, hellmonk_ghost_happy_afterlife,
          grunt_forest_large_clearings, infiniplex_staircase_pool,
          serial_bayou_shore_a
Lair:4:   layout_cave_pods, swamp_mist_pool, minmay_snake_entry_guardpost_small,
          grunt_megastairs_4
Lair:5:   layout_regular_city, minmay_slime_entry_pillars, st_stairs_10,
          ice2_lemuel
Lair:6:   evilmike_catoblepas_cave, layout_regular_city,
          nicolae_quartered_pool_medium, infiniplex_staircase_pool_2
Swamp:1:  layout_basic_swamp, hangedman_swamp_blocks
Swamp:2:  gammafunk_the_bubble [the_bubble_gammafunk_roulette],
          layout_falls_marsh, evilmike_swamp_ruin_house_5
Swamp:3:  layout_falls_marsh, evilmike_swamp_ruin_house_6
Swamp:4:  swamp_basic_johnstein, layout_basic_swamp, swamp_pool3,
          nicolae_swamp_hydra_murder_den, uniq_donald
Snake:1:  nicolae_snake_nest, layout_cave_shapes, uniq_azrael
Snake:2:  layout_misc_corridors
Snake:3:  layout_grid_shapes, gammafunk_ghost_split
Snake:4:  grunt_snake_rune_serpentine_throne, layout_cave_town, uniq_mara
Orc:1:    layout_caves, basic_altar, nicolae_orc_sculptors_studio
Orc:2:    grunt_orc_community_town_hall, layout_diamond_mine,
          grunt_orc_community_big_house_1, grunt_orc_community_big_house_2,
          grunt_orc_community_house_1, grunt_orc_community_house_1,
          grunt_orc_community_house_2, grunt_orc_community_house_2, basic_altar
Elf:1:    elf_arrival_001, layout_loops_corners, mu_enter_wizlab_3,
          hangedman_elf_disciples, minmay_shop_grove
Elf:2:    layout_geoelf_octagon, serial_shops, nicolae_shop_waterfront,
          nicolae_shop_stone
Elf:3:    minmay_elf_hall_furrowed, layout_geoelf_octagon, serial_shops,
          nicolae_shop_trees
Vaults:1: nicolae_vaults_alarming, ontoclasm_vaults_tryst,
          nicolae_vaults_circle_grid_a, v_pattern_1,
          ontoclasm_vaults_decontamination, nicolae_vaults_little_squares_3,
          dpeg_vaults_monster_row, hangedman_vaults_hat,
          ontoclasm_vaults_ring_large, ontoclasm_vaults_chip,
          vaults_standard_mumra_enter_the_diamond,
          nicolae_vaults_little_squares_4, layout_vaults_ring, serial_shops,
          shop, uniq_asterion
Vaults:2: ebering_vaults_ghost_inner_flame, nicolae_vaults_sealed_display,
          ontoclasm_vaults_loading_screen, minmay_crypt_entry_simple_sparse,
          vaults_room_semicircle, hangedman_vaults_nails, v_alt_pattern_3,
          dpeg_vaults_waves, vaults_room_hallway, v_misc_28,
          hangedman_vaults_slice, grunt_vaults_focal,
          layout_vaults_chaotic_city, uniq_sojobo
Vaults:3: ontoclasm_vaults_twist, serial_ice_g, nicolae_vaults_yaktaur_gun_rack,
          hangedman_vaults_restitches, v_alt_pattern_3, hangedman_vaults_nails,
          layout_vaults_omnigrid
Vaults:4: ontoclasm_vaults_fault, st_greater_box_2, vaults_mumra_hex,
          nicolae_vaults_little_squares_1, nicolae_vaults_ninety_degrees,
          v_misc_16, v_misc_12, ontoclasm_vaults_ring_small,
          grunt_vaults_trifunnel, nicolae_vaults_gold_heap,
          dpeg_vaults_monster_box, layout_vaults_maze_bifur, serial_shops, shop
Vaults:5
Depths:1: layout_cave_shapes, enter_ziggurat_e, gammafunk_ghost_grave,
          abyss_entry, rand_demon_pan_entry_1, chequers_serial_rivers_micro_a,
          hell_entry, minmay_misc_feat_ornament, evilmike_ruin_ashenzari,
          firewood_loft
Abyss:4:  base: Elf:1, guppyfry_abyss_exit_glass_guarded,
          grunt_abyss_rune_wretched_hive

Skill      XL: |  1  2  3  4  5  6  7  8  9 10 11 12 13 14 15 16 17 18 19 20 21 22 23 24 25 |
---------------+----------------------------------------------------------------------------+-----
Invocations    | 1 2 3 4 5 6 7 8 9 10 11 12 13 14 15 16 17 | 17.2
Short Blades   | 1 2 3 4 5 6 7 8 9 10 11 12 13 14 15 | 15.9
Long Blades    | 1 2 3 4 5 6 7 8 9 10 11 12 13 14 15 | 15.9
Maces & Flails | 1 2 3 4 5 6 7 8 9 10 11 12 13 14 15 | 15.9
Polearms       | 1 2 3 4 5 6 7 8 9 10 11 12 13 14 15 | 15.9
Staves         | 1 2 3 4 5 6 7 8 9 10 11 12 13 14 15 | 15.9
Slings         | 1 2 3 4 5 6 7 8 9 10 11 12 13 14 15 | 15.9
Bows           | 1 2 3 4 5 6 7 8 9 10 11 12 13 14 15 | 15.9
Crossbows      | 1 2 3 4 5 6 7 8 9 10 11 12 13 14 15 | 15.9
Throwing       | 1 2 3 5 7 8 10 11 12 13 14 15 16 17 18 19 20 21 | 21.0
Dodging        | 1 2 3 4 5 6 7 8 9 10 11 12 13 14 15 | 15.9
Stealth        | 1 2 3 4 5 6 7 8 9 10 11 12 13 14 15 | 15.9
Unarmed Combat | 1 2 3 4 5 6 7 8 9 10 11 12 13 14 15 | 15.9
Spellcasting   | 1 2 3 4 5 6 7 8 9 10 11 12 13 14 15 | 15.9
Evocations     | 1 2 3 4 5 6 7 8 9 10 11 12 13 14 15 | 15.9
Conjurations   | 1 2 3 4 5 6 7 8 9 10 11 12 13 | 13.7
Hexes          | 1 2 3 4 5 6 7 8 9 10 11 12 13 | 13.7
Charms         | 1 2 3 4 5 6 7 8 9 10 11 12 13 | 13.7
Summonings     | 1 2 3 4 5 6 7 8 9 10 11 12 13 | 13.7
Necromancy     | 1 2 3 4 5 6 7 8 9 10 11 12 13 | 13.7
Translocations | 1 2 3 4 5 6 7 8 9 10 11 12 13 | 13.7
Transmutations | 1 2 3 4 5 6 7 8 9 10 11 12 13 | 13.7
Fire Magic     | 1 2 3 4 5 6 7 8 9 10 11 12 13 | 13.7
Ice Magic      | 1 2 3 4 5 6 7 8 9 10 11 12 13 | 13.7
Air Magic      | 1 2 3 4 5 6 7 8 9 10 11 12 13 | 13.7
Earth Magic    | 1 2 3 4 5 6 7 8 9 10 11 12 13 | 13.7
Poison Magic   | 1 2 3 4 5 6 7 8 9 10 11 12 13 | 13.7
Axes           | 5 6 7 8 9 10 11 12 13 14 15 16 | 16.4
Fighting       | 7 8 9 10 11 12 13 14 15 16 | 16.9
Armour         | 7 8 9 10 11 12 13 14 15 16 | 16.9
Shields        | 7 8 9 10 11 12 13 14 15 16 | 16.9

Action                   |  1- 3 |  4- 6 |  7- 9 | 10-12 | 13-15 | 16-18 | 19-21 | 22-24 | 25-27 || total
-------------------------+-------+-------+-------+-------+-------+-------+-------+-------+-------++-------
Melee: War axe           |    88 |   185 |   306 |       |       |       |       |       |       ||   579
       Bite              |     5 |    20 |    52 |    91 |   164 |   181 |   353 |   257 |    92 ||  1215
       Long sword        |       |       |    84 |   391 |   555 |   595 |  1277 |   926 |   331 ||  4159
       Rapier            |       |       |       |     9 |    56 |   102 |    10 |    13 |    11 ||   201
Throw: Boomerang         |       |       |    20 |    17 |   224 |    67 |    66 |     4 |    15 ||   413
 Cast: Summon Lightning  |       |       |       |       |     1 |     2 |       |     2 |       ||     5
       Hailstorm         |       |       |       |       |       |     8 |       |       |       ||     8
       Yara's Violent Un |       |       |       |       |       |       |     1 |       |       ||     1
       Summon Hydra      |       |       |       |       |       |       |     5 |     6 |       ||    11
       Frozen Ramparts   |       |       |       |       |       |       |     2 |     3 |     4 ||     9
       Death Channel     |       |       |       |       |       |       |     1 |     9 |       ||    10
       Mephitic Cloud    |       |       |       |       |       |       |     1 |     1 |       ||     2
       Iron Shot         |       |       |       |       |       |       |       |     3 |     3 ||     6
Invok: Slouch            |       |       |       |       |     6 |     9 |     6 |    21 |       ||    42
Evoke: Wand              |       |       |     2 |    10 |     3 |    19 |    28 |     4 |       ||    66
       Tin of tremorston |       |       |       |       |       |       |     2 |     3 |       ||     5
       Box of beasts     |       |       |       |       |       |       |       |     1 |       ||     1
       Phantom mirror    |       |       |       |       |       |       |       |     1 |       ||     1
       Lightning rod     |       |       |       |       |       |       |       |       |     4 ||     4
  Use: Potion            |       |     2 |     3 |     2 |     1 |     1 |    15 |     1 |       ||    25
       Scroll            |       |     8 |     9 |    12 |     9 |    13 |     5 |    17 |     6 ||    79
 Stab: Sleeping          |       |       |     2 |    19 |    21 |    13 |    28 |    20 |     4 ||   107
       Distracted        |       |       |       |       |     4 |     7 |    11 |    15 |     1 ||    38
       Confused          |       |       |       |       |     1 |     1 |     1 |       |       ||     3
       Paralysed         |       |       |       |       |       |     2 |     1 |       |       ||     3
  Eat: Chunk             |     1 |     5 |    16 |     9 |     8 |     8 |    16 |     9 |       ||    72
       Ration            |       |       |       |     1 |     3 |     2 |     2 |     4 |     1 ||    13
Armor: Scale mail        |    42 |    85 |   108 |   113 |   141 |   162 |   178 |   183 |    59 ||  1071
Dodge: Dodged            |    31 |    62 |   169 |   372 |   607 |   813 |  1043 |   635 |   317 ||  4049
       Repelled          |       |       |     4 |     7 |     9 |    49 |    31 |    40 |     5 ||   145
Block: Kite shield       |    54 |   113 |   256 |   407 |   598 |   893 |  1195 |   681 |   343 ||  4540
       Rpst.: Long sword |       |       |    16 |    92 |   134 |   109 |   267 |   134 |    55 ||   807

Table legend:
 A = Non-vault XP
 B = Vault XP
 C = Vault XP percentage of total XP
 D = Non-vault monster count
 E = Vault monster count
 F = Vault count percentage of total count
                 A         B        C        D         E       F
            +---------+---------+-------+---------+---------+-------
      Total |  466370 |  522481 |  52.8 |    1190 |     780 |  39.6
            +---------+---------+-------+---------+---------+-------
        D:1 |      23 |       0 |   0.0 |      14 |       0 |   0.0
        D:2 |      82 |       0 |   0.0 |      28 |       0 |   0.0
        D:3 |     124 |      15 |  10.8 |      22 |       6 |  21.4
        D:4 |     110 |       0 |   0.0 |       7 |       0 |   0.0
        D:5 |     908 |       0 |   0.0 |      32 |       0 |   0.0
        D:6 |     806 |     969 |  54.6 |      21 |      12 |  36.4
        D:7 |    1408 |       0 |   0.0 |      42 |       0 |   0.0
        D:8 |    2524 |       0 |   0.0 |      25 |       0 |   0.0
        D:9 |    2538 |     169 |   6.2 |      26 |       8 |  23.5
       D:10 |     381 |       0 |   0.0 |      11 |       0 |   0.0
       D:11 |    3585 |    5737 |  61.5 |      24 |      19 |  44.2
       D:12 |    6210 |       0 |   0.0 |      37 |       0 |   0.0
       D:13 |    7482 |     384 |   4.9 |      22 |       2 |   8.3
       D:14 |   10259 |    8187 |  44.4 |      32 |      19 |  37.3
       D:15 |    9629 |   11357 |  54.1 |      26 |      10 |  27.8
     Lair:1 |    6875 |       0 |   0.0 |      29 |       0 |   0.0
     Lair:2 |    1951 |       0 |   0.0 |       6 |       0 |   0.0
     Lair:3 |    8760 |    3405 |  28.0 |      37 |      23 |  38.3
     Lair:4 |    3593 |    1297 |  26.5 |      19 |       6 |  24.0
     Lair:5 |    4019 |    3257 |  44.8 |      15 |      20 |  57.1
     Lair:6 |    5747 |   12287 |  68.1 |      17 |      23 |  57.5
    Swamp:1 |    8960 |       0 |   0.0 |      24 |       0 |   0.0
    Swamp:2 |    9998 |   15550 |  60.9 |      28 |      19 |  40.4
    Swamp:3 |   15984 |       0 |   0.0 |      31 |       0 |   0.0
    Swamp:4 |   18558 |   21878 |  54.1 |      40 |      31 |  43.7
    Snake:1 |   16741 |    2308 |  12.1 |      32 |       7 |  17.9
    Snake:2 |   22872 |       0 |   0.0 |      43 |       0 |   0.0
    Snake:3 |   20230 |    5892 |  22.6 |      37 |       7 |  15.9
    Snake:4 |    8535 |   49196 |  85.2 |      13 |      64 |  83.1
      Orc:1 |    4280 |    1546 |  26.5 |      28 |       4 |  12.5
      Orc:2 |     863 |    6014 |  87.5 |      17 |      59 |  77.6
      Elf:1 |    9339 |    7351 |  44.0 |      16 |      12 |  42.9
      Elf:2 |   19039 |   25930 |  57.7 |      32 |      31 |  49.2
      Elf:3 |   27058 |   45543 |  62.7 |      39 |      31 |  44.3
   Vaults:1 |   17710 |   19823 |  52.8 |      32 |      23 |  41.8
   Vaults:2 |   21751 |   36671 |  62.8 |      36 |      43 |  54.4
   Vaults:3 |   46325 |    6427 |  12.2 |      61 |      17 |  21.8
   Vaults:4 |   35907 |   78120 |  68.5 |      49 |      72 |  59.5
   Vaults:5 |   33596 |  106285 |  76.0 |      60 |      84 |  58.3
   Depths:1 |   14777 |       0 |   0.0 |      27 |       0 |   0.0
    Abyss:2 |   36043 |     793 |   2.2 |      49 |       8 |  14.0
    Abyss:3 |      32 |       0 |   0.0 |       1 |       0 |   0.0
    Abyss:4 |     758 |    9011 |  92.2 |       3 |      20 |  87.0
      Sewer |       0 |     379 | 100.0 |       0 |      48 | 100.0
     WizLab |       0 |   32678 | 100.0 |       0 |      40 | 100.0
   Gauntlet |       0 |    4022 | 100.0 |       0 |      12 | 100.0
            +---------+---------+-------+---------+---------+-------
